[Event "Early-Titled-Tuesday-Blitz-March-26-2024"]
[Site "Chess.com"]
[Date "2024.03.26"]
[Round "6"]
[White "Titus369"]
[Black "jaskol95"]
[Result "1-0"]
[WhiteElo "2633"]
[BlackElo "2471"]
[TimeControl "180+1"]
[EndTime "9:04:11 PDT"]
[Termination "Titus369 won by resignation"]

1. e4 e6 2. d4 d5 3. Nd2 Nf6 4. e5 Nfd7 5. Bd3 c5 6. c3 Nc6 7. Ne2 cxd4 8. cxd4 f6 9. Nf4 Nxd4 10. Qh5+ Ke7 11. exf6+ Nxf6 12. Ng6+ hxg6 13. Qxh8 Kf7 14. Qh4 e5 15. Nf3 Nxf3+ 16. gxf3 Bf5 17. Bxf5 gxf5 18.
Bg5 Qa5+ 19. Kf1 g6 20. Rc1 Bg7 21. Qg3 f4 22. Qh3 Rh8 23. Qg2 Qb5+ 24. Kg1 Qd7 25.
h4 Rc8 26. Qf1 Rxc1 27. Qxc1 Qc6 28. Qd2 d4 29. Bxf6 Bxf6 30. Qd3 Qa6 31. Qxa6 bxa6 32. h5 gxh5 33. Rxh5 Ke6 34. Kf1 Kd5 35. Ke2 Kc4 36. Rh6 Be7 37. Rxa6 d3+ 38. Kd1 Bc5 39. Ra4+ Kd5 40.
Kd2 Bxf2 41. Kxd3 Bb6 42. Rc4 Bd4 43. b4 a6 44. a4 Be3 45. b5 axb5 46. axb5 Bf2 47.
Rc6 Be3 48. Rc8 Bb6 49. Rc6 Bd4 50. Rg6 Kc5 51. b6 Kd5 52. b7 Ba7 53. Rg8 e4+ 54. fxe4+ Ke5 1-0

[Event "Early-Titled-Tuesday-Blitz-March-26-2024"]
[Site "Chess.com"]
[Date "2024.03.26"]
[Round "6"]
[White "cthulhuuu"]
[Black "valeriocarnicelli"]
[Result "0-1"]
[WhiteElo "2400"]
[BlackElo "2549"]
[TimeControl "180+1"]
[EndTime "9:04:11 PDT"]
[Termination "valeriocarnicelli won by resignation"]

1. e4 e6 2. d3 d5 3. Nd2 Nf6 4.
Ngf3 Be7 5. g3 O-O 6. Bg2 c5 7. e5 Nfd7 8. O-O Nc6 9. Re1 b5 10. h4 h6 11. Nf1 Re8 12. Bf4 a5 13. h5 a4 14. a3 Nf8 15. Ne3 Bb7 16. Ng4 Nh7 17.
Qd2 Ng5 18. c3 Nxf3+ 19. Bxf3 Bg5 20. Bxg5 Qxg5 21. Qxg5 hxg5 22. h6 Ne7 23. hxg7 Kxg7 24. Nf6 Rh8 25. d4 Rac8 26. Kg2 Nf5 27. Bg4 cxd4 28.
Bxf5 dxc3 29. Bd3 d4+ 30. Be4 Bxe4+ 31. Nxe4 cxb2 32. Rab1 Rc2 33. Red1 b4 34. Rxd4 Rb8 35.
Rd3 bxa3 36. Rxa3 Rc1 37. Nc3 Rb3 38. Rxb3 axb3 39. Rxb2 Rxc3 40. g4 Kf8 41. Rb1 Ke7 42.
f3 Kd7 43. Kg3 Kc6 44. Rd1 b2 45. Rb1 Rb3 46. Kf2 Kd5 47. Ke2 Kxe5 48. Kd2 Kf4 0-1

[Event "Early-Titled-Tuesday-Blitz-March-26-2024"]
[Site "Chess.com"]
[Date "2024.03.26"]
[Round "6"]
[White "CSB7"]
[Black "jefferyx"]
[Result "0-1"]
[WhiteElo "2779"]
[BlackElo "3092"]
[TimeControl "180+1"]
[EndTime "9:04:12 PDT"]
[Termination "jefferyx won by resignation"]

1. d4 Nf6 2. c4 e6 3. Nf3 d5 4.
Nc3 dxc4 5. e4 b5 6. Nxb5 Nxe4 7. Qa4 c6 8. Nc3 Nd6 9. Bf4 Be7 10. Bxd6 Qxd6 11. Bxc4 O-O 12. O-O Nd7 13. Qc2 Bb7 14. Rfd1 h6 15. Rac1 Rfd8 16. Bd3 Rac8 17. Ne4 Qf4 18. Qa4 c5 19. dxc5 Nxc5 20. Nxc5 Qxa4 21. Nxa4 Rxc1 22. Rxc1 Rxd3 23. Ne1 Rd7 24. f3 Bg5 25. Ra1 Be3+ 26. Kh1 Rd2 27. b3 Ba6 28. h4 Rf2 29.
Nc3 Bd2 30. Kh2 Bxc3 0-1

[Event "Early-Titled-Tuesday-Blitz-March-26-2024"]
[Site "Chess.com"]
[Date "2024.03.26"]
[Round "6"]
[White "kidagent"]
[Black "YegoryoCh"]
[Result "0-1"]
[WhiteElo "2324"]
[BlackElo "2501"]
[TimeControl "180+1"]
[EndTime "9:04:12 PDT"]
[Termination "YegoryoCh won by checkmate"]

1. e4 e5 2. Nf3 Nc6 3. Bb5 a6 4.
Ba4 d6 5. O-O Bd7 6. c3 g5 7. d4 g4 8. Ne1 h5 9. f3 Bh6 10. d5 Nce7 11. Nd3 Ng6 12. Bxh6 Nxh6 13. Nd2 O-O 14. f4 exf4 15. Nxf4 Nxf4 16. Rxf4 Qg5 17. g3 Bxa4 18. Qxa4 f5 19. Raf1 h4 20. exf5 hxg3 21. hxg3 Rxf5 22. Qd7 Rxf4 23. Rxf4 Qxd5 24. Ne4 Rf8 25. Nf6+ Rxf6 26. Rxf6 Qc5+ 27. Kh2 Qh5+ 28. Kg1 Qc5+ 29. Rf2 Qe3 30. Qd8+ Kh7 31. Qd7+ Kg6 32. Kg2 Qe4+ 33. Kg1 Nf5 34. Qxc7 Qe1+ 35. Kg2 Ne3+ 36.
Kh2 Qxf2+ 37. Kh1 Qg2# 0-1

[Event "Early-Titled-Tuesday-Blitz-March-26-2024"]
[Site "Chess.com"]
[Date "2024.03.26"]
[Round "6"]
[White "Kazmin_Semyon"]
[Black "baki83"]
[Result "0-1"]
[WhiteElo "2591"]
[BlackElo "2866"]
[TimeControl "180+1"]
[EndTime "9:04:13 PDT"]
[Termination "baki83 won by resignation"]

1. e4 c5 2. Nf3 d6 3. d4 cxd4 4. Nxd4 Nf6 5. Nc3 a6 6. Bg5 Nbd7 7. Qe2 h6 8. Bh4 g6 9. O-O-O Bg7 10. f4 Qc7 11. g4 O-O 12. g5 hxg5 13. Bxg5 e5 14. fxe5 dxe5 15. Nb3 Nb6 16. Rg1 Be6 17. Qf2 Nh5 18. Nd5 Nxd5 19. exd5 Bf5 20. d6 Qc6 21. Bg2 Qa4 22. Bxb7 Rab8 23. Qa7 Qxa2 24. d7 e4 25. Rd4 Rxb7 26. Qxb7 Bxd4 27. Nxd4 Qa1+ 28. Kd2 Qxg1 29. d8=Q Rxd8 30. Bxd8 Qxd4+ 0-1

[Event "Early-Titled-Tuesday-Blitz-March-26-2024"]
[Site "Chess.com"]
[Date "2024.03.26"]
[Round "6"]
[White "guillembaches"]
[Black "BallottiLuca"]
[Result "1-0"]
[WhiteElo "2530"]
[BlackElo "2359"]
[TimeControl "180+1"]
[EndTime "9:04:14 PDT"]
[Termination "guillembaches won by checkmate"]

1. d4 Nf6 2. Nf3 g6 3. Bg5 Bg7 4. Nbd2 O-O 5. c3 d5 6. e3 Nbd7 7. Be2 Re8 8. O-O e5 9. h3 e4 10. Nh2 h6 11. Bh4 c6 12. b4 Qe7 13. Qb3 Qe6 14. a4 g5 15. Bg3 h5 16. c4 h4 17.
Bc7 b6 18. a5 Bb7 19. axb6 axb6 20. c5 b5 21. Qb2 Nf8 22. Rxa8 Rxa8 23. Ra1 Qc8 24. Be5 N6d7 25. Bd6 f5 26. Nb3 Rxa1+ 27. Qxa1 Ne6 28. Qa7 Bf8 29. Na5 Bxd6 30. cxd6 Nd8 31. Bh5 Kf8 32. Bg6 f4 33. Bf5 Kf7 34. Ng4 Ke8 35.
Nf6+ Nxf6 36. Bxc8 Bxc8 37. Qe7# 1-0

[Event "Early-Titled-Tuesday-Blitz-March-26-2024"]
[Site "Chess.com"]
[Date "2024.03.26"]
[Round "6"]
[White "AsaHoffmann"]
[Black "Dixit_Nikhil"]
[Result "0-1"]
[WhiteElo "2411"]
[BlackElo "2647"]
[TimeControl "180+1"]
[EndTime "9:04:16 PDT"]
[Termination "Dixit_Nikhil won by resignation"]

1. d4 Nf6 2. Bg5 Ng8 3. Nc3 a6 4. e4 b5 5. Bd3 Bb7 6. Nf3 h6 7.
Bh4 g5 8. Bg3 Bg7 9. h3 d6 10.
a3 Nc6 11. d5 Na5 12. Qe2 c5 13. dxc6 Nxc6 14. Rd1 Nf6 15. e5 dxe5 16. Nxe5 Nxe5 17. Bxb5+ Ned7 18. Ba4 O-O 19. O-O Qb6 20. Bxd7 Nxd7 21. Rxd7 Qc6 22. Rxb7 Qxb7 23. Na4 Qb5 24. Qe4 e6 25. b3 Rac8 26. h4 Qf5 27. Qxf5 exf5 28. hxg5 hxg5 29. Bd6 Rfd8 30. Bb4 Rxc2 31. Nc5 g4 32. g3 Bd4 33. Nxa6 f4 34. gxf4 g3 35. Kg2 Rxf2+ 36. Rxf2 gxf2 37. Bc5 Bxc5 38. Nxc5 Rd2 39. b4 Rb2 40. a4 Rxb4 41. Kxf2 Rxf4+ 42. Ke3 Rc4 43. Nd3 Rxa4 0-1

[Event "Early-Titled-Tuesday-Blitz-March-26-2024"]
[Site "Chess.com"]
[Date "2024.03.26"]
[Round "6"]
[White "the_chess_child"]
[Black "NovoselovRoman"]
[Result "1-0"]
[WhiteElo "2853"]
[BlackElo "2549"]
[TimeControl "180+1"]
[EndTime "9:04:16 PDT"]
[Termination "the_chess_child won on time"]

1. e4 e6 2. d3 d5 3. Nd2 Nf6 4. Ngf3 c5 5. g3 Nc6 6. Bg2 Be7 7. O-O O-O 8. Re1 b6 9. e5 Nd7 10. Nf1 Bb7 11. h4 d4 12. Bf4 b5 13. N1h2 Nb6 14. Ng5 Nd5 15. Qh5 h6 16. Ng4 Nxf4 17. gxf4 Na5 18. Nxh6+ gxh6 19. Qxh6 Bxg5 20. hxg5 Qe7 21. Bxb7 Nxb7 22. Kg2 f5 23. gxf6 Qh7 24.
Qg5+ Kf7 25. Rh1 Qg8 26. Qxg8+ Rxg8+ 27. Kf3 Rh8 28. Rag1 Rxh1 29. Rxh1 Na5 30. Rh7+ Kg6 31. Rg7+ Kh6 32. Ke4 Nc6 33. f5 Re8 34. f4 exf5+ 35. Kxf5 Nb4 36. Rg2 Kh7 37. f7 Rf8 38. Kf6 Nd5+ 39.
Ke6 Nxf4+ 40. Ke7 Rxf7+ 41. Kxf7 Nxg2 42. e6 Nf4 43. e7 1-0

[Event "Early-Titled-Tuesday-Blitz-March-26-2024"]
[Site "Chess.com"]
[Date "2024.03.26"]
[Round "6"]
[White "abelmat"]
[Black "rionelG"]
[Result "0-1"]
[WhiteElo "2069"]
[BlackElo "2206"]
[TimeControl "180+1"]
[EndTime "9:04:18 PDT"]
[Termination "rionelG won by checkmate"]

1. d4 d5 2. c4 e6 3. Nf3 Nf6 4. Nc3 c6 5. e3 Nbd7 6. Bd3 dxc4 7. Bxc4 b5 8. Bd3 Bb7 9. e4 b4 10.
Ne2 c5 11. Ng3 cxd4 12. Nxd4 Bc5 13. Nf3 O-O 14. O-O Qb6 15. Qe2 Rad8 16. Bg5 h6 17. Bf4 Ng4 18. Rad1 Nb8 19. e5 Rxd3 20. Rxd3 Ba6 21.
Qd2 Nxf2 22. Be3 Nxd3 23. Bxc5 Nxc5 24. Kh1 Bxf1 25. Nxf1 Rd8 26. Qf4 Nd3 27. Qg4 Nf2+ 28. Kg1 Nh3+ 29. Kh1 Qg1+ 30. Nxg1 Nf2# 0-1

[Event "Early-Titled-Tuesday-Blitz-March-26-2024"]
[Site "Chess.com"]
[Date "2024.03.26"]
[Round "6"]
[White "ljuks68"]
[Black "Bykov_Egor"]
[Result "0-1"]
[WhiteElo "2443"]
[BlackElo "2655"]
[TimeControl "180+1"]
[EndTime "9:04:19 PDT"]
[Termination "Bykov_Egor won by resignation"]

1. e4 c5 2. Nf3 e6 3. d4 cxd4 4. Nxd4 Nf6 5. Nc3 Nc6 6. Nxc6 bxc6 7. e5 Nd5 8. Ne4 Qc7 9. f4 Qb6 10. c4 Bb4+ 11. Ke2 f5 12. exf6 Nxf6 13. Be3 Qd8 14. Nd6+ Bxd6 15. Qxd6 Bb7 16. g4 Nxg4 17. Rg1 Nxe3 18.
Kxe3 Qf6 19. Qe5 O-O 20. Qxf6 Rxf6 21. c5 Raf8 22. Rd1 Bc8 23. Rd4 Rf5 24. b4 g5 25.
Bd3 e5 26. fxe5 Rxe5+ 27. Re4 Rxe4+ 28. Bxe4 h6 29. h4 Kf7 30. hxg5 hxg5 31. Rxg5 Ba6 32.
Kd4 Ke7 33. Rg7+ Kd8 34. Bf3 Rxf3 0-1

[Event "Early-Titled-Tuesday-Blitz-March-26-2024"]
[Site "Chess.com"]
[Date "2024.03.26"]
[Round "6"]
[White "Kostukov_Alex"]
[Black "MaxLeto"]
[Result "1/2-1/2"]
[WhiteElo "2288"]
[BlackElo "2486"]
[TimeControl "180+1"]
[EndTime "9:04:19 PDT"]
[Termination "Game drawn by repetition"]

1. g3 h5 2. Nf3 d5 3. c4 d4 4. e3 c5 5. exd4 cxd4 6. d3 Nc6 7.
Bg2 e5 8. O-O Bd6 9. Re1 Nge7 10. Na3 Bg4 11. h3 Bf5 12. Ng5 Qd7 13. Nc2 f6 14.
Ne4 O-O-O 15. Bd2 Kb8 16. Kh2 Rdf8 17. b4 Nd8 18. Nxd4 Bxe4 19. Rxe4 exd4 20. Rxd4 Ne6 21. Re4 Be5 22. Rc1 g5 23. Qe2 Nf5 24. Rxe5 fxe5 25. Qxe5+ Qd6 26. Qb5 Qb6 27. Qe5+ Qd6 28. Qb5 Qb6 29. Qe5+ Qd6 1/2-1/2

[Event "Early-Titled-Tuesday-Blitz-March-26-2024"]
[Site "Chess.com"]
[Date "2024.03.26"]
[Round "6"]
[White "Xavier_mompel"]
[Black "yuriydovzik"]
[Result "1/2-1/2"]
[WhiteElo "2341"]
[BlackElo "2132"]
[TimeControl "180+1"]
[EndTime "9:04:20 PDT"]
[Termination "Game drawn by agreement"]

1. e4 c6 2. d4 Na6 3. Bxa6 Qa5+ 4. Nc3 Qxa6 5. Nf3 g6 6. Qe2 Qxe2+ 7. Kxe2 b6 8. Bf4 Bg7 9. a4 Nf6 10. Rhd1 O-O 11.
e5 Ba6+ 12. Ke1 Nd5 13. Nxd5 cxd5 14. a5 Rfc8 15. Kd2 e6 16. Ra4 Bb5 17. Rb4 a6 18. axb6 Rab8 19. Rb3 Rxb6 20. Ne1 Rbc6 21. Rc3 Rxc3 22.
bxc3 a5 23. Ra1 a4 24. Nd3 Bf8 25. Nb4 h6 26. h4 Rc4 27. Rb1 Bxb4 28. Rxb4 Rxb4 29.
cxb4 a3 30. Kc3 Kg7 31. Kb3 1/2-1/2

[Event "Early-Titled-Tuesday-Blitz-March-26-2024"]
[Site "Chess.com"]
[Date "2024.03.26"]
[Round "6"]
[White "ChristianArca"]
[Black "Kotofeyca"]
[Result "1-0"]
[WhiteElo "2679"]
[BlackElo "2498"]
[TimeControl "180+1"]
[EndTime "9:04:21 PDT"]
[Termination "ChristianArca won by checkmate"]

1. e4 c5 2. Nc3 d6 3. f4 Nc6 4. Nf3 Nf6 5. Bc4 a6 6. a4 Nd4 7. h3 e6 8. O-O Be7 9. d3 O-O 10.
Be3 d5 11. Ba2 Nxf3+ 12. Qxf3 d4 13. e5 Nd7 14. Bf2 dxc3 15. bxc3 Rb8 16. d4 b5 17. axb5 axb5 18. g4 c4 19. f5 Bb7 20. Qg3 Nb6 21.
Rab1 Qd5 22. Kh2 Bh4 23. Qg1 Bxf2 24. Rxf2 Bc6 25. Qg3 f6 26. exf6 gxf6 27. Rg1 Kh8 28. g5 Rg8 29. g6 Rb7 30. Qh4 Qd8 31. fxe6 Qf8 32. Rxf6 Qd6+ 33. Rg3 Rbg7 34. Rf7 Nd5 35. Qxh7+ Rxh7 36. Rxh7# 1-0

[Event "Early-Titled-Tuesday-Blitz-March-26-2024"]
[Site "Chess.com"]
[Date "2024.03.26"]
[Round "6"]
[White "TigrVShlyape"]
[Black "DenLaz"]
[Result "1/2-1/2"]
[WhiteElo "2918"]
[BlackElo "3084"]
[TimeControl "180+1"]
[EndTime "9:04:23 PDT"]
[Termination "Game drawn by agreement"]

1. e4 c5 2. Nf3 e6 3. d4 cxd4 4. Nxd4 Nc6 5. Nb5 d6 6. c4 Nf6 7.
N1c3 a6 8. Nd4 Be7 9. Be2 O-O 10.
O-O Bd7 11. Be3 Rc8 12. Rc1 Qa5 13. f3 Ne5 14. Qb3 Qc7 15. Na4 Bxa4 16. Qxa4 Nfd7 17. Qd1 Rfd8 18. Qd2 Nb8 19. f4 Nec6 20. f5 Nxd4 21. Bxd4 Nc6 22. fxe6 fxe6 23. Bg4 Qd7 24. Bc3 h6 25. Rcd1 Bg5 26. Qd3 Qe7 27. Qh3 Re8 28. Kh1 Ne5 29. Bh5 Rf8 30. b3 b5 31. Bxe5 dxe5 32.
Be2 b4 33. Bg4 Rxf1+ 34. Rxf1 Re8 35. g3 a5 36. Qh5 Rf8 37. Rxf8+ Kxf8 38. Qg6 Qf7 39.
Qxf7+ Kxf7 40. c5 Be3 41. c6 Ke7 42. Be2 Kd6 43. Bb5 Bb6 44. Kg2 Kc5 45. Bc4 Kxc6 46. Bxe6 Kd6 1/2-1/2

[Event "Early-Titled-Tuesday-Blitz-March-26-2024"]
[Site "Chess.com"]
[Date "2024.03.26"]
[Round "6"]
[White "DavidGavrilescu18"]
[Black "1mbl4"]
[Result "1-0"]
[WhiteElo "2770"]
[BlackElo "2572"]
[TimeControl "180+1"]
[EndTime "9:04:23 PDT"]
[Termination "DavidGavrilescu18 won by checkmate"]

1. e4 g6 2. d4 Bg7 3. Nf3 d6 4. Bd3 a6 5. O-O b5 6. a4 b4 7. c3 bxc3 8. Nxc3 Nd7 9. Re1 e6 10. e5 d5 11. b4 Ne7 12. Ba3 O-O 13. b5 Nb6 14. Rc1 Bb7 15. Nd2 Bh6 16. Rc2 Re8 17. a5 Nc4 18. Nxc4 dxc4 19. Bxc4 Nf5 20. Ne4 Bxe4 21.
Rxe4 axb5 22. Bxb5 Rxa5 23. Bxe8 Rxa3 24. Bc6 Qb8 25. g3 Qa7 26. Kg2 Ra1 27. Qd3 Bf8 28.
d5 Ra3 29. Qd2 Bh6 30. Qb4 Bf8 31. Qc4 Ng7 32. dxe6 Nxe6 33. Bd5 Ng5 34. Rf4 c6 35. Bxf7+ Nxf7 36. e6 Nd6 37. e7+ Nxc4 38. exf8=Q# 1-0

[Event "Early-Titled-Tuesday-Blitz-March-26-2024"]
[Site "Chess.com"]
[Date "2024.03.26"]
[Round "6"]
[White "Kapitan_Bayan"]
[Black "tusplingher"]
[Result "0-1"]
[WhiteElo "2285"]
[BlackElo "2501"]
[TimeControl "180+1"]
[EndTime "9:04:23 PDT"]
[Termination "tusplingher won by checkmate"]

1. e4 c5 2. Nf3 d6 3. d4 Nf6 4. Nc3 cxd4 5. Nxd4 a6 6. f3 e6 7. Be3 b5 8. Qd2 Nbd7 9. g4 b4 10. Nce2 h6 11. Nc6 Qc7 12. Nxb4 Ne5 13. Nd4 Bb7 14. Nd3 Nc4 15. Qc3 Rc8 16. Bf2 d5 17. e5 Nd7 18.
f4 Nc5 19. Nxc5 Bxc5 20. O-O-O O-O 21. h4 Qe7 22. Qf3 f6 23. g5 fxe5 24. gxh6 Bxd4 25. hxg7 Bxb2+ 26. Kb1 Rf7 27. Bxc4 dxc4 28. Qg4 Qb4 29. Qxe6 Bc3+ 30. Kc1 Qb2# 0-1

[Event "Early-Titled-Tuesday-Blitz-March-26-2024"]
[Site "Chess.com"]
[Date "2024.03.26"]
[Round "6"]
[White "KanalSzachowy"]
[Black "BestestBP"]
[Result "1-0"]
[WhiteElo "2431"]
[BlackElo "2224"]
[TimeControl "180+1"]
[EndTime "9:04:23 PDT"]
[Termination "KanalSzachowy won by checkmate"]

1. e4 e5 2. Nf3 Nc6 3. Bc4 Nf6 4. d4 exd4 5. e5 d5 6. Bb5 Ne4 7. Nxd4 Bc5 8. Be3 O-O 9. Nxc6 bxc6 10. Bxc5 Nxc5 11.
Bxc6 Rb8 12. Qxd5 Qe7 13. O-O Rxb2 14. Nc3 Rxc2 15. Qd4 Rd8 16. Nd5 Qf8 17. Qh4 Ne6 18.
Ne7+ Kh8 19. Be4 h6 20. Bxc2 g5 21. Qe4 Qg7 22. Rad1 Re8 23. Nf5 Qg6 24. Qa4 Rf8 25.
Ne7 Qh5 26. Nxc8 Rxc8 27. Bf5 Nf4 28. Bxc8 Ne2+ 29. Kh1 Nf4 30. Rd8+ Kg7 31. Qe8 Qh4 32. Qh8+ Kg6 33. Qf6+ Kh5 34. g4+ Qxg4 35. Bxg4+ Kxg4 36. Qxf4+ gxf4 37. Rd7 Kf3 38. Rxf7 h5 39. Rxc7 h4 40.
Rxa7 h3 41. Ra3+ Ke2 42. Rxh3 Kxf1 43. Rf3 Ke2 44. Rxf4 Kf1 45. Rb4 Ke2 46. a3 Kf3 47. e6 Ke2 48. e7 Kf1 49. e8=Q Kxf2 50. Rf4# 1-0

[Event "Early-Titled-Tuesday-Blitz-March-26-2024"]
[Site "Chess.com"]
[Date "2024.03.26"]
[Round "6"]
[White "Vahe_Danielyan"]
[Black "Chessdude1987"]
[Result "0-1"]
[WhiteElo "2625"]
[BlackElo "2414"]
[TimeControl "180+1"]
[EndTime "9:04:24 PDT"]
[Termination "Chessdude1987 won on time"]

1. d4 e6 2. Nc3 d5 3. Bf4 Nf6 4. Nb5 Na6 5. e3 c6 6. Nc3 c5 7. Nf3 Be7 8. Bd3 Nh5 9. Be5 f6 10. Ng5 g6 11. Nxh7 Kf7 12. g4 Rxh7 13. gxh5 Rxh5 14.
Bg3 Nb4 15. Be2 Rh7 16. h4 cxd4 17. exd4 e5 18. a3 exd4 19. Nb5 d3 20. cxd3 Qa5 21. Nc3 Nc6 22. h5 g5 23. h6 d4 24. Qb3+ Kf8 25.
O-O dxc3 0-1

[Event "Early-Titled-Tuesday-Blitz-March-26-2024"]
[Site "Chess.com"]
[Date "2024.03.26"]
[Round "6"]
[White "Ginger_GM"]
[Black "GMG"]
[Result "1-0"]
[WhiteElo "2593"]
[BlackElo "2776"]
[TimeControl "180+1"]
[EndTime "9:04:25 PDT"]
[Termination "Ginger_GM won on time"]

1. e4 c6 2. Bc4 d5 3. Bb3 dxe4 4. Qh5 g6 5. Qh4 Nf6 6. Nc3 Nbd7 7. f3 Nc5 8. fxe4 e5 9. d3 a5 10. Bg5 Be7 11. Nge2 Nh5 12. Qf2 Ne6 13. Bh6 Bg5 14.
O-O Nhf4 15. Nxf4 Nxf4 16. Bg7 Bh4 17. Qc5 Bf6 18. Bxf6 Qxf6 19. g3 g5 20. gxf4 gxf4 21. Kh1 Rg8 22. Rg1 Bg4 23. Raf1 O-O-O 24. Qxa5 Rg5 25.
Qc5 Rdg8 26. Qf2 Qh6 27. Na4 Qh5 28. h4 1-0

[Event "Early-Titled-Tuesday-Blitz-March-26-2024"]
[Site "Chess.com"]
[Date "2024.03.26"]
[Round "6"]
[White "Chess4always"]
[Black "erugee"]
[Result "1-0"]
[WhiteElo "2006"]
[BlackElo "2309"]
[TimeControl "180+1"]
[EndTime "9:04:26 PDT"]
[Termination "Chess4always won by checkmate"]

1. d4 d6 2. Nf3 Nf6 3. c3 g6 4. Bg5 Bg7 5. Bxf6 exf6 6. e4 O-O 7. Bd3 Re8 8. O-O b6 9. h3 Bb7 10. Re1 Nd7 11. Nbd2 Nf8 12. Qc2 a6 13. Rad1 Nd7 14. Nc4 Re7 15. Ncd2 Qf8 16. a4 Rae8 17. d5 Nc5 18. b4 Nxd3 19. Qxd3 Bh6 20. Nf1 Bc8 21. Ne3 Rxe4 22. Ng4 Rxe1+ 23. Rxe1 Rxe1+ 24. Nxe1 Bg7 25. Nf3 f5 26. Ne3 Qe8 27. a5 bxa5 28. bxa5 Qa4 29. Nc4 Qa1+ 30. Kh2 Qxc3 31. Qe2 Bd7 32.
Qe7 Qxc4 33. Qxd7 Qxd5 34. Qc8+ Bf8 35. Qxa6 Kg7 36. Qa7 c5 37. a6 c4 38. Qc7 Qa8 39. Ng5 Qxa6 40. Qxf7+ Kh6 41. h4 Bg7 42. Qd5 Qa2 43.
Nf7+ Kh5 44. Qf3+ Kxh4 45. Qh3# 1-0

[Event "Early-Titled-Tuesday-Blitz-March-26-2024"]
[Site "Chess.com"]
[Date "2024.03.26"]
[Round "6"]
[White "superchess02"]
[Black "jcibarra"]
[Result "0-1"]
[WhiteElo "2865"]
[BlackElo "3011"]
[TimeControl "180+1"]
[EndTime "9:04:27 PDT"]
[Termination "jcibarra won by resignation"]

1. d4 Nf6 2. c4 d6 3. Nf3 g6 4.
Nc3 Bf5 5. Nh4 Bd7 6. e4 e5 7.
Nf3 exd4 8. Nxd4 Bg7 9. Be2 O-O 10. O-O Re8 11. f3 Nc6 12. Be3 Nh5 13. Nc2 Be5 14.
g3 f5 15. Qd2 Nf6 16. Bg5 Qc8 17. Nd5 Nxd5 18. cxd5 Nd8 19. Nd4 Nf7 20. Be3 fxe4 21. fxe4 Bg7 22. Rac1 Bh3 23. Rf4 Ne5 24. Nb5 Re7 25.
Nxd6 cxd6 26. Rxc8+ Rxc8 27. g4 Rec7 28. Kf2 Rc2 29. Qb4 Nd3+ 30. Kg3 Nxb4 0-1

[Event "Early-Titled-Tuesday-Blitz-March-26-2024"]
[Site "Chess.com"]
[Date "2024.03.26"]
[Round "6"]
[White "ogpin"]
[Black "PolandHussars"]
[Result "0-1"]
[WhiteElo "2276"]
[BlackElo "2556"]
[TimeControl "180+1"]
[EndTime "9:04:27 PDT"]
[Termination "PolandHussars won by checkmate"]

1. e4 e5 2. Nf3 Nc6 3. Nc3 g6 4.
d4 exd4 5. Nd5 Bg7 6. Bc4 h6 7.
Bf4 d6 8. O-O Nge7 9. Qd2 g5 10.
Nxg5 hxg5 11. Bxg5 Be6 12. Nf6+ Bxf6 13. Bxf6 Bxc4 14.
Bxh8 Bxf1 15. Rxf1 Qd7 16. Bxd4 O-O-O 17. b4 Nxd4 18.
Qxd4 Kb8 19. c4 Nc6 20. Qd2 Qe6 21. b5 Ne5 22. Rc1 Rg8 23. Qd5 Qg4 24. g3 Nf3+ 25. Kg2 Nh4+ 26. Kg1 Qf3 27. e5 Qxd5 28. cxd5 Nf3+ 29.
Kg2 Nxe5 30. f4 Nd7 31. Re1 Kc8 32. Re7 Rf8 33. h4 Nf6 34. Kf3 Kd8 35. Re1 Nxd5 36.
h5 c5 37. Rd1 Nc7 38. Rxd6+ Ke7 39. Rd1 Nxb5 40. g4 Nd4+ 41. Ke4 Kd6 42. h6 Re8+ 43. Kd3 Kd5 44. g5 c4+ 45. Kc3 Re3+ 46. Kb2 c3+ 47.
Kc1 Rh3 48. f5 Kc4 49. Rg1 Nxf5 50. Rf1 Ne3 51. Rf4+ Kd3 52. Rg4 Rh1+ 53. Rg1 Rxg1# 0-1

[Event "Early-Titled-Tuesday-Blitz-March-26-2024"]
[Site "Chess.com"]
[Date "2024.03.26"]
[Round "6"]
[White "KorolDimitriy75"]
[Black "Joachim100x"]
[Result "0-1"]
[WhiteElo "2373"]
[BlackElo "2522"]
[TimeControl "180+1"]
[EndTime "9:04:28 PDT"]
[Termination "Joachim100x won on time"]

1. d4 d5 2. c4 e6 3. Nc3 c5 4.
cxd5 exd5 5. Nf3 Nf6 6. g3 Nc6 7.
Bg2 c4 8. O-O Be7 9. Ne5 O-O 10.
Bg5 Be6 11. f4 Rc8 12. e3 Nxe5 13. fxe5 Ng4 14. Bxe7 Qxe7 15. Qd2 Qd7 16. h3 Nh6 17.
Kh2 b5 18. a3 a5 19. e4 dxe4 20. Nxe4 Nf5 21. Rad1 Rfd8 22. d5 Bxd5 23. Nf6+ gxf6 24. Bxd5 c3 25. bxc3 Kh8 26. exf6 Rg8 27. Qf4 Nxg3 28. Rg1 Nh5 29. Qh6 Qd6+ 30. Kh1 Ng3+ 0-1

[Event "Early-Titled-Tuesday-Blitz-March-26-2024"]
[Site "Chess.com"]
[Date "2024.03.26"]
[Round "6"]
[White "UK_23"]
[Black "aljado"]
[Result "1-0"]
[WhiteElo "2403"]
[BlackElo "2155"]
[TimeControl "180+1"]
[EndTime "9:04:32 PDT"]
[Termination "UK_23 won on time"]

1. e4 c5 2. Nf3 e6 3. g3 d5 4. exd5 exd5 5. d4 Nc6 6. Bg2 Bg4 7. O-O Nf6 8. Re1+ Be7 9. dxc5 O-O 10. Nc3 Bxc5 11. Bg5 Nd4 12. Bxf6 Qxf6 13. Re3 Nxf3+ 14.
Rxf3 Bxf3 15. Bxf3 Rad8 16. Nxd5 Qxb2 17. Rb1 Qxa2 18.
Rxb7 Rfe8 19. Kg2 Qa6 20. Qb1 Qd6 21. c4 Qe5 22. Qd3 Qe1 23. Rb2 Qe5 24. Re2 Qd4 25. Rxe8+ Rxe8 26. Qc2 Rb8 27. Qe2 g6 28. Nc7 Rb2 29.
Qe8+ Kg7 30. Kh3 Rxf2 31. Bd5 1-0

[Event "Early-Titled-Tuesday-Blitz-March-26-2024"]
[Site "Chess.com"]
[Date "2024.03.26"]
[Round "6"]
[White "Payyappat"]
[Black "emeli_chess"]
[Result "1-0"]
[WhiteElo "2538"]
[BlackElo "2396"]
[TimeControl "180+1"]
[EndTime "9:04:33 PDT"]
[Termination "Payyappat won by resignation"]

1. e4 e5 2. Nf3 Nc6 3. Bc4 Nf6 4. d4 exd4 5. e5 d5 6. Bb5 Ne4 7. Nxd4 Bd7 8. Bxc6 bxc6 9. O-O Bc5 10. c3 Bb6 11. f3 Ng5 12. f4 Ne4 13. Nd2 c5 14. N4b3 Bc6 15. Nxe4 dxe4 16. Be3 Qd3 17. Qxd3 exd3 18.
Bxc5 O-O-O 19. Bxb6 axb6 20. Nd4 Bb7 21. Rad1 Rhe8 22.
Rd2 g5 23. fxg5 Rxe5 24. Rxf7 c5 25. Nf3 Bxf3 26. Rxf3 c4 27. Rf4 b5 28. b3 Rde8 29. bxc4 Re1+ 30. Kf2 R1e2+ 31. Rxe2 Rxe2+ 32. Kf3 Rxa2 33.
cxb5 Rc2 34. Rc4+ Kb7 35. Rd4 Rxc3 36. Rd7+ Kb6 37. Rxh7 d2+ 38. Ke2 Rd3 39. Kd1 Kxb5 40. g6 Rd6 41. Rh5+ Kc4 42. Rg5 Kd3 43. Rg3+ Ke4 44. g7 1-0

[Event "Early-Titled-Tuesday-Blitz-March-26-2024"]
[Site "Chess.com"]
[Date "2024.03.26"]
[Round "6"]
[White "Chxss_Khxsbu"]
[Black "Masterbeaterr"]
[Result "1/2-1/2"]
[WhiteElo "1791"]
[BlackElo "2441"]
[TimeControl "180+1"]
[EndTime "9:04:34 PDT"]
[Termination "Game drawn - insufficient material"]

1. e4 e5 2. Nf3 Nc6 3. Bb5 a6 4. Bxc6 dxc6 5. O-O Ne7 6. Nxe5 Qd4 7. Nf3 Qxe4 8. Nc3 Qg4 9. Ne5 Qxd1 10. Rxd1 Be6 11.
d4 O-O-O 12. Bf4 Ng6 13. Nxg6 hxg6 14. Ne4 f6 15. c3 g5 16. Bg3 Bf5 17. Nd2 Bd6 18.
Nc4 Bxg3 19. hxg3 Rde8 20. Re1 Kd7 21. f3 b5 22. Ne3 Be6 23. g4 a5 24. Nf5 Bxf5 25.
gxf5 Kd6 26. Kf2 c5 27. dxc5+ Kxc5 28. Re4 Rxe4 29. fxe4 Rd8 30. Ke3 Rd7 31. g4 a4 32.
Rh1 Kc4 33. Rc1 Rd3+ 34. Ke2 Rg3 35. Rd1 Rxg4 36. Rd7 c5 37. Kf3 Rf4+ 38. Ke3 a3 39. bxa3 Kxc3 40. Rxg7 Rf1 41. Rb7 Kc4 42. Rb6 Re1+ 43.
Kf3 g4+ 44. Kxg4 Rxe4+ 45. Kf3 Re1 46. Rxf6 Ra1 47. Rb6 Rxa2 48. f6 Rxa3+ 49. Ke4 Ra1 50. Ke5 Rf1 51. Ke6 b4 52. f7 b3 53. Ke7 Rxf7+ 54.
Kxf7 Kc3 55. Ke6 c4 56. Kd5 b2 57. Rb5 Kc2 58. Kxc4 b1=Q 59. Rxb1 Kxb1 1/2-1/2